 Dungeon Crawl Stone Soup version 0.29-a0-919-gd064cfad1c (webtiles) character file.

Game seed: 8915773291432711015

358 xian the Sneak (level 6, -5/36 HPs)
             Began as an Octopode Conjurer on July 27, 2022.
             Killed from afar by an orc wizard (11 damage)
             ... with a magic dart
             ... on level 3 of the Dungeon.
             The game lasted 00:08:55 (3721 turns).

xian the Sneak (Octopode Conjurer)                  Turns: 3721, Time: 00:08:56

Health: -5/36      AC:  5    Str:  7    XL:     6   Next: 64%
Magic:  2/10       EV: 13    Int: 22    God:
Gold:   60         SH:  0    Dex: 10    Spells: 7/10 levels left

rFire   . . .      SeeInvis .   k - +1 dagger (speed)
rCold   . . .      Faith    .   (no shield)
rNeg    . . .      Spirit   .   (helmet restricted)
rPois   .          Reflect  .   (no amulet)
rElec   .          Harm     .   j - +4 ring of protection
rCorr   .          Rampage  .   (no ring)
Will    .....                   (no ring)
Stlth   ++++......              (no ring)
HPRegen 0.12/turn               (no ring)
MPRegen 0.12/turn               (no ring)
                                (no ring)
                                (no ring)

@: no status effects
A: almost no armour, amphibious, 8 rings, camouflage 1, gelatinous body 1,
(nimble swimmer 1), tentacles
a: no special abilities


You were on level 3 of the Dungeon.
You visited 1 branch of the dungeon, and saw 4 of its levels.

You collected 177 gold pieces.
You spent 117 gold pieces at shops.

Inventory:

Hand Weapons
 k - a +1 dagger of speed (weapon)
Missiles
 c - 12 poisoned darts
 g - 2 javelins
Jewellery
 j - a +4 ring of protection (left tentacle)
 p - a ring of protection from fire
Scrolls
 h - a scroll of teleportation
 i - a scroll of immolation
 l - a scroll of amnesia
 m - a scroll of poison
 n - a scroll of blinking {unknown}
 o - a scroll of magic mapping
 q - a scroll of identify
Potions
 a - a potion of magic
 b - 2 potions of flight {unknown}
 d - 5 potions of curing
 e - a potion of might {unknown}
 f - a potion of brilliance {unknown}
 r - 2 potions of attraction {unknown}


   Skills:
 * Level 2.2 Short Blades
 + Level 2.2 Dodging
 * Level 6.5 Stealth
 + Level 2.9 Spellcasting
 + Level 5.2 Conjurations


You had 7 spell levels left.
You knew the following spells:

 Your Spells              Type           Power      Damage    Failure   Level
a - Magic Dart            Conj           100%       1d8       1%          1
b - Searing Ray           Conj           52%        2d6       2%          2

Your spell library contained the following spells:

 Spells                   Type           Power      Damage    Failure   Level
 Summon Small Mammal      Summ           12%        N/A       13%         1
 Dazzling Flash           Conj/Hex       28%        N/A       13%         3
 Sublimation of Blood     Necr           3%         N/A       19%         2
 Call Canine Familiar     Summ           3%         N/A       36%         3
 Summon Guardian Golem    Hex/Summ       3%         N/A       36%         3
 Fulminant Prism          Conj/Hex       7%         3d7       38%         4
 Iskenderun's Mystic Bla  Conj/Tloc      14%        2d5       38%         4
 Irradiate                Conj/Tmut      7%         3d14      75%         5
 Petrify                  Tmut/Erth      3%         N/A       77%         4


Dungeon Overview and Level Annotations

Branches:
Dungeon (4/15)
 Temple: D:4-7

Altars:
Ashenzari
Gozag
Sif Muna

Shops:
D:3 !=?

Annotations:
D:3 3 runed translucent doors, pgiattino's ghost, amateur DgGl


Innate Abilities, Weirdness & Mutations

You cannot wear most types of armour.
You are amphibious.
You can wear up to eight rings at the same time.
Your skin changes colour to match your surroundings (Stealth+).
Your rubbery body absorbs attacks. (AC +1, EV +1)
((You are camouflaged when in or above water. (Stealth+)))
You have tentacles for arms and can constrict up to eight enemies at once.


Message History

Confirm with . or Enter, or press ? or * to list all spells.
You can't see any susceptible monsters within range! (Use Z to cast anyway.)
Casting: Searing Ray (safe; 2% risk of failure)
Confirm with . or Enter, or press ? or * to list all spells.
Aiming: Searing Ray (safe; 2% risk of failure)
Press: ? - help, Shift-Dir - straight line The searing ray hits something. (Press . to maintain the ray.)
You hear some strange, mumbled words.
A puff of flame appears from out of thin air!
The puff of flame hits you! Something hits you but does no damage.
Unknown command.
You hit something but do no damage. Something barely misses you.
You barely miss something. Something hits you.
You closely miss something. You miss something. Your squeeze misses something.
Something hits you.
You miss something. You closely miss something.
Something hits you but does no damage. Something hits you.
Something hits you but does no damage. Something hits you but does no damage.
There is a stone staircase leading up here.
Something hits you.
* * * LOW HITPOINT WARNING * * *
You climb upwards.
Level annotation: 3 runed translucent doors, pgiattino's ghost, amateur DgGl Reactivating autopickup.
There is a stone staircase leading down here.
Something hits you.
* * * LOW HITPOINT WARNING * * *
Deactivating autopickup; reactivate with Ctrl-A.
You miss something. Something hits you but does no damage. Something hits you.
* * * LOW HITPOINT WARNING * * *
Something hits you.
* * * LOW HITPOINT WARNING * * *
A magic dart appears from out of thin air!
The magic dart hits you!
You die...

########## #........#
####........#########
#>.{.................
#.##........######...
#.##@.......# ##.).
#.##........## #....
#.##.........# #...)
#.####.P._.P.####....
#....................
#.######...######....
#....................
##..........######...
#..........# #...


There were no monsters in sight!

Vanquished Creatures
  An ogre (D:3)
  A hound (D:4)
  3 orc priests
  An orc wizard (D:4)
  5 adders
  A worm (D:2)
  A dart slug (D:2)
  14 orcs
  8 endoplasms
  4 giant cockroaches
  5 goblins
  3 hobgoblins
  2 jackals (D:3)
  A quokka (D:2)
  2 ball pythons
  5 bats
  3 frilled lizards (D:1)
  7 kobolds
  4 rats
71 creatures vanquished.

Notes
Turn   | Place    | Note
-------+----------+-------------------------------------------
     0 | D:1      | xian the Octopode Conjurer began the quest for the Orb.
     0 | D:1      | Reached XP level 1. HP: 11/11 MP: 3/3
   192 | D:1      | Reached XP level 2. HP: 17/17 MP: 0/5
   987 | D:2      | Reached skill level 3 in Stealth
  1009 | D:2      | Reached XP level 3. HP: 21/21 MP: 3/6
  1499 | D:2      | Learned a level 2 spell: Searing Ray
  1703 | D:2      | Found a faded altar of an unknown god.
  1714 | D:2      | Found a faded altar of an unknown god.
  2097 | D:3      | Reached XP level 4. HP: 27/27 MP: 3/7
  2186 | D:3      | Reached skill level 4 in Stealth
  2332 | D:3      | Found Nutoapse's Magic Scroll Boutique.
  2336 | D:3      | Bought a scroll of magic mapping for 75 gold pieces
  2336 | D:3      | Bought a scroll of identify for 20 gold pieces
  2346 | D:3      | Found a shimmering blue altar of Sif Muna.
  2490 | D:3      | Found a broken altar of Ashenzari.
  2504 | D:3      | Found a runed translucent gate.
  2504 | D:3      | Found a runed translucent gate.
  2504 | D:3      | Found a runed translucent gate.
  2505 | D:3      | Noticed pgiattino's ghost (amateur DgGl)
  2544 | D:3      | Found Kohoivoa's Distillery.
  2552 | D:3      | Bought 2 potions of degeneration for 22 gold pieces
  2559 | D:3      | Reached skill level 1 in Short Blades
  2767 | D:3      | Found an opulent altar of Gozag.
  2801 | D:3      | Reached XP level 5. HP: 31/31 MP: 0/8
  3082 | D:3      | Found Waulouk's Jewellery Boutique.
  3084 | D:3      | Noticed an ogre
  3092 | D:3      | Killed an ogre
  3093 | D:3      | Reached skill level 5 in Stealth
  3093 | D:3      | Reached skill level 5 in Conjurations
  3093 | D:3      | Reached XP level 6. HP: 36/36 MP: 3/10
  3487 | D:4      | Reached skill level 6 in Stealth
  3721 | D:3      | Killed from afar by an orc wizard

Illustrated notes

Levels and vault maps discovered:
D:1:      minmay_arrival_plants_in_alcoves, layout_loops_cross
D:2:      layout_basic, hellmonk_ecumenical_altar_the_god_not_taken,
          serial_bayou_pond_d, minmay_hedge_maze, st_stairs_12
D:3:      cheibrodos_old_hovel, layout_basic, nicolae_sif_muna_condensation,
          mainiacjoe_overflow_tiny_flanked, mainiacjoe_overflow_alcove_4,
          serial_shops, nicolae_shop_behind_doors, shop, shop,
          gammafunk_ghost_necromancy
D:4:      layout_gridville, minmay_temple_entry_poolview, dk_rats_in_the_wall

Skill      XL: |  1  2  3  4  5  6 |
---------------+-------------------+-----
Stealth        | 3 4 5 6 |  6.5
Short Blades   | 1 2 |  2.2
Conjurations   | 5 |  5.2
Dodging        | |  2.2
Spellcasting   | |  2.9

Action                   |  1- 3 |  4- 6 || total
-------------------------+-------+-------++-------
Melee: Dagger            |    26 |    52 ||    78
       Constrict         |     5 |     5 ||    10
       Tentacles         |     6 |    11 ||    17
       Punch             |     1 |     1 ||     2
 Cast: Magic Dart        |    50 |    30 ||    80
       Searing Ray       |     1 |     9 ||    10
  Use: Scroll            |     3 |     2 ||     5
 Stab: Sleeping          |     3 |     6 ||     9
Armor: Skin              |     3 |    14 ||    17
Dodge: Dodged            |    17 |    26 ||    43

Table legend: (Time is in decaauts)
 A = Elapsed time spent in this place.
 B = Non-inter-level travel time spent in this place.
 C = Inter-level travel time spent in this place.
 D = Time resting spent in this place.
 E = Time spent auto-exploring this place.
 F = Levels seen in this place.
 G = Mean time per level.
                   A        B        C        D        E       F      G
               +--------+--------+--------+--------+--------+-----+--------+
         Total |   3692 |   3543 |    149 |      0 |   2900 |   4 |  923.0 |
       Dungeon |   3692 |   3543 |    149 |      0 |   2900 |   4 |  923.0 |
               +--------+--------+--------+--------+--------+-----+--------+

Top non-repeatable levels by time:
     D:3: 1360 daAuts
     D:2: 1026 daAuts
     D:1: 950 daAuts
     D:4: 355 daAuts
